 Dungeon Crawl Stone Soup version 0.30.0 (webtiles) character file.

Game seed: 5206213999637555654

8 Dani the Trooper (level 2, 5/24 HPs)
             Began as a Demonspawn Fighter on May 20, 2023.
             Quit the game on level 1 of the Dungeon.
             The game lasted 00:00:21 (157 turns).

Dani the Trooper (Demonspawn Fighter)                Turns: 157, Time: 00:00:21

Health: 5/24       AC:  7    Str: 16    XL:     2   Next: 0%
Magic:  2/2        EV:  8    Int:  9    God:
Gold:   31         SH:  4    Dex: 12    Spells: 1/1 levels left

rFire   . . .        a - +0 war axe
rCold   . . .        c - +0 buckler
rNeg    . . .        b - +0 scale mail
rPois   .            (no helmet)
rElec   .            (no cloak)
rCorr   .            (no gloves)
SInv    .            (no boots)
Will    .....        (no amulet) Stlth
                     (no ring)
HPRegen 0.24/turn    (no ring)
MPRegen 0.08/turn

%: no passive effects
@: no status effects
A: rugged brown scales 1
a: no special abilities


You were on level 1 of the Dungeon.
You visited 1 branch of the dungeon, and saw 1 of its levels.

You collected 31 gold pieces.

Inventory:

Hand Weapons
 a - a +0 war axe (weapon)
Armour
 b - a +0 scale mail (worn)
 c - a +0 buckler (worn)
Scrolls
 f - a scroll of magic mapping {unknown}
Potions
 d - a potion of might
 e - a potion of heal wounds {unknown}
 g - a potion of haste {unknown}


   Skills:
 - Level 3.0 Fighting
 + Level 2.5 Axes
 - Level 2.6 Armour
 - Level 2.6 Shields


You had one spell level left.
You didn't know any spells.
Your spell library contained the following spells:

 Spells                   Type           Power      Damage    Failure   Level
 Foxfire                  Conj/Fire      0%         2x1d4     88%         1
 Freeze                   Ice            0%         1d3       88%         1
 Frozen Ramparts          Ice            0%         1d1       99%         3
 Hailstorm                Conj/Ice       0%         3d3       99%         3
 Fireball                 Conj/Fire      0%         3d3       100%        5
 Plasma Beam              Fire/Air       0%         2x1d11    100%        6
 Starburst                Conj/Fire      0%         6d3       100%        6


Dungeon Overview and Level Annotations

Branches:
Dungeon (1/15)

Altars:


Innate Abilities, Weirdness & Mutations

You are partially covered in rugged brown scales. (AC +1, +3% HP)


Message History

Key pressed, stopping explore.
Key pressed, stopping explore.
A goblin comes into view. It is wielding a +0 dagger.
The goblin shouts!
You hear a shout!
A goblin is nearby!
A goblin is nearby!
A goblin is nearby!
A goblin is nearby!
Found a golden potion.
A hobgoblin comes into view.
It is wielding a +2 whip of electrocution.
Found 17 gold pieces.
The goblin hits you with a +0 dagger.
You closely miss the goblin. You block the goblin's attack.
The goblin barely misses you.
You slash the goblin!
You kill the goblin!
A hobgoblin is nearby!
The hobgoblin closely misses you.
Things that are here:
a +0 dagger; a goblin corpse A hobgoblin is nearby!
You hit the hobgoblin.
You kill the hobgoblin!
HP restored.
You see here a +2 whip of electrocution.
No target in view!
Things that are here:
a +0 dagger; a goblin corpse Key pressed, stopping explore.
No target in view!
Key pressed, stopping explore.
No target in view!
A bat comes into view.
You see here a golden potion.
The bat barely misses you.
A bat is nearby!
A bat is nearby!
A bat is nearby!
You hit the bat but do no damage. The bat hits you but does no damage.
You block the bat's attack.
A bat is nearby!
You closely miss the bat. The bat barely misses you.
The bat hits you but does no damage. x4
A bat is nearby!
You barely miss the bat. You block the bat's attack.
The bat hits you but does no damage.
A bat is nearby!
You hit the bat.
You kill the bat!
g - a golden potion No target in view!
Key pressed, stopping explore.
No target in view!
Key pressed, stopping explore.
No target in view!
Key pressed, stopping explore.
No target in view!
You now have 31 gold pieces (gained 17).
Key pressed, stopping explore.
Key pressed, stopping explore.
Found a leather armour.
Found a war axe.
An endoplasm comes into view.
The endoplasm quivers.
The endoplasm jiggles.
An endoplasm is nearby!
An endoplasm is nearby!
Found a stone staircase leading down.
The endoplasm freezes you.
You are frozen.
You barely miss the endoplasm. The endoplasm freezes you.
You are frozen.
The endoplasm freezes you.
You are frozen.
* * * LOW HITPOINT WARNING * * *
An endoplasm is nearby!
You hit the endoplasm.
The endoplasm is heavily wounded.
The endoplasm hits you but does no damage.
An endoplasm is nearby!
You barely miss the endoplasm.
The endoplasm is heavily wounded.
The endoplasm barely misses you. The endoplasm freezes you.
You are frozen.
* * * LOW HITPOINT WARNING * * *
An endoplasm is nearby!
You are too injured to fight recklessly!
You are too injured to fight recklessly!
An endoplasm is nearby!
You are too injured to fight recklessly!
You are too injured to fight recklessly!
You barely miss the endoplasm.
The endoplasm is heavily wounded.
The endoplasm hits you but does no damage.
You slash the endoplasm!
You kill the endoplasm!
You have reached level 2!
Your demonic ancestry asserts itself...
Rugged brown scales grow over part of your body.
Are you sure you want to abandon this character and quit the game? (Confirm with "yes".)

#. #.## #
#... .. #
###..#####.#
# ....$.....#
#........
#.)...#
#.@..# #.#.>#
### ###
#.#..# ..#
..######.#.[#
#.#
#.##........#
#.#
#.##.###.#.##
#.# #.##.#
#.#.# #.#
#.##.###.#.#
#.#
#........#


There were no monsters in sight!

Vanquished Creatures
  A bat (D:1)
  An endoplasm (D:1)
  3 goblins (D:1)
  A hobgoblin (D:1)
  A kobold (D:1)
7 creatures vanquished.

Notes
Turn   | Place    | Note
-------+----------+-------------------------------------------
     0 | D:1      | Dani the Demonspawn Fighter began the quest for the Orb.
     0 | D:1      | Reached XP level 1. HP: 18/18 MP: 1/1
    63 | D:1      | Reached skill level 2 in Axes
   154 | D:1      | HP: 4/18 [frozen (5)]
   157 | D:1      | Gained mutation: You are partially covered in rugged brown
                  | scales. (AC +1, +3% HP) [demonic ancestry]
   157 | D:1      | Reached XP level 2. HP: 5/24 MP: 2/2
   157 | D:1      | Quit the game

Illustrated notes

Levels and vault maps discovered:
D:1:      psy_arrival_whirlpool, layout_loops_ring, minmay_pentomino_x4

Skill      XL: |  1 |
---------------+----+-----
Axes           | 2 |  2.5
Fighting       | |  3.0
Armour         | |  2.6
Shields        | |  2.6

Action                     || total
---------------------------++-------
  Melee: War axe           ||    18
 Armour: Scale mail        ||    10
  Dodge: Dodged            ||     7
  Block: Buckler           ||     5

Levels and vault maps discovered:
D:1:      psy_arrival_whirlpool, layout_loops_ring, minmay_pentomino_x4

Table legend: (Time is in decaauts)
 A = Elapsed time spent in this place.
 B = Non-inter-level travel time spent in this place.
 C = Inter-level travel time spent in this place.
 D = Time resting spent in this place.
 E = Time spent auto-exploring this place.
 F = Levels seen in this place.
 G = Mean time per level.
                   A        B        C        D        E       F      G
               +--------+--------+--------+--------+--------+-----+--------+
         Total |    166 |    166 |      0 |      0 |    115 |   1 |  166.0 |
       Dungeon |    166 |    166 |      0 |      0 |    115 |   1 |  166.0 |
               +--------+--------+--------+--------+--------+-----+--------+

Top non-repeatable levels by time:
     D:1: 166 daAuts

Table legend:
 A = Kills in this place as a percentage of kills in the entire game.
 B = Kills by you in this place as a percentage of kills by you in the entire game.
 C = Kills by friends in this place as a percentage of kills by friends in the entire game.
 D = Other kills in this place as a percentage of other kills in the entire game.
 E = Experience gained in this place as a percentage of experience gained in the entire game.
 F = Experience gained in this place divided by the number of levels of this place that you have seen.
                   A       B       C       D       E      F
               +-------+-------+-------+-------+-------+----------------------
         Total | 100.0 | 100.0 |   N/A |   N/A | 100.0 |  12.0
       Dungeon | 100.0 | 100.0 |   N/A |   N/A | 100.0 |  12.0
               +-------+-------+-------+-------+-------+----------------------
